 Dungeon Crawl Stone Soup version 0.29-a0-841-g116ddc6ace (webtiles) character file.

Game seed: 10670731837038979857

36413 Pooter the Severer (level 13, -14/122 HPs)
             Began as a Minotaur Berserker on July 14, 2022.
             Was a Priest of Trog.
             Demolished by an entropy weaver simulacrum (31 damage)
             ... in an ice cave.
             The game lasted 01:53:59 (20226 turns).

Pooter the Severer (Minotaur Berserker)            Turns: 20226, Time: 01:53:59

Health: -14/122    AC: 15    Str: 27    XL:     13   Next: 52%
Magic:  0/12       EV:  7    Int:  6    God:    Trog [***...]
Gold:   296        SH:  7    Dex: 10    Spells: 12/12 levels left

rFire   + . .      SeeInvis +   a - +7 war axe (freeze)
rCold   . . .      Faith    .   L - +0 kite shield
rNeg    . . .      Spirit   +   W - +2 chain mail {rF+}
rPois   +          Reflect  .   (helmet restricted)
rElec   +          Harm     +   D - scarf {harm}
rCorr   +          Rampage  .   (no gloves)
Will    .....                   H - +2 pair of boots of Immutok {rElec Str+2}
Stlth   ..........              G - amulet of guardian spirit
HPRegen 0.30/turn               P - ring of poison resistance
MPRegen 0.13/turn               B - ring "Salocvy" {*Slow rCorr Slay+2 SInv}

@: no status effects
A: horns 2, retaliatory headbutt
a: Renounce Religion, Berserk, Trog's Hand


You were in an ice cave.
You worshipped Trog.
Trog was most pleased with you.
You visited 3 branches of the dungeon, and saw 17 of its levels.
You also visited: Sewer, Ice Cave and Volcano.

You collected 1218 gold pieces.
You spent 922 gold pieces at shops.

Inventory:

Hand Weapons
 a - a +7 war axe of freezing (weapon)
   (You took it off a wight on level 4 of the Dungeon)
 b - a +2 hand crossbow of flaming
   (You found it in a volcano)
 y - a +2 arbalest of flaming
   (You found it in a volcano)
 z - a +4 flail of protection
   (You took it off Edmund on level 5 of the Dungeon)
Missiles
 c - 51 poisoned darts (quivered)
 g - 8 curare-tipped darts
 h - 8 boomerangs
 u - 6 atropa-tipped darts
 C - 2 throwing nets {!f}
 K - a silver boomerang
 M - 12 javelins
 N - 6 silver javelins
 Q - 90 stones
Armour
 m - a +2 plate armour
   (You found it on level 2 of the Dungeon)
 D - a scarf of harm (worn)
   (You found it on level 7 of the Dungeon)
 H - the +2 pair of boots of Immutok (worn) {rElec Str+2}
   (You acquired it on level 10 of the Dungeon)

   Str:       It affects your strength (+2).
   rElec:     It insulates you from electricity.
 L - a +0 kite shield (worn)
   (You found it on level 10 of the Dungeon)
 W - a +2 chain mail of fire resistance (worn)
   (You took it off a hell knight in a volcano)
Jewellery
 r - a +6 ring of intelligence
   (You found it on level 5 of the Dungeon)
 s - a +4 ring of protection
   (You found it on level 2 of the Lair of Beasts)
 B - the ring "Salocvy" (right hand) {*Slow rCorr Slay+2 SInv}
   (You bought it in a shop on level 4 of the Dungeon)

   [ring of see invisible]

   Slay:      It affects your accuracy & damage with ranged weapons and melee
   (+2).
   SInv:      It lets you see invisible.
   rCorr:     It protects you from acid and corrosion.
   *Slow:     It may slow you when you take damage.
 F - a +4 ring of protection
   (You found it on level 1 of the Dungeon)
 G - an amulet of guardian spirit (around neck)
   (You bought it in a shop on level 4 of the Dungeon)
 P - a ring of poison resistance (left hand)
   (You bought it in a shop on level 4 of the Dungeon)
Wands
 d - a wand of iceblast (11)
   (You found it on level 7 of the Dungeon)
 f - a wand of flame (6)
   (You found it on level 7 of the Dungeon)
 U - a wand of mindburst (7)
   (You found it on level 3 of the Lair of Beasts)
 V - a wand of quicksilver (7)
   (You found it on level 2 of the Lair of Beasts)
Scrolls
 j - 3 scrolls of fog
 o - 10 scrolls of teleportation {unknown}
 I - a scroll of magic mapping
 R - a scroll of vulnerability {!r}
 S - a scroll of brand weapon {unknown}
 T - 2 scrolls of poison {!r}
Potions
 e - 2 potions of invisibility
 k - 4 potions of ambrosia
 n - 8 potions of heal wounds {@q2}
 p - 4 potions of resistance
 q - 5 potions of curing {@q1}
 t - 5 potions of mutation {!q}
 v - 4 potions of flight
 w - a potion of berserk rage {unknown}
 x - 6 potions of haste {@q3}
 A - a potion of cancellation {unknown}
 E - a potion of brilliance {unknown}
 J - 2 potions of attraction {!q}


   Skills:
 + Level 13.0 Fighting
 - Level 16.2(16.5) Axes
 - Level 5.1(11.7) Maces & Flails
 * Level 12.6 Ranged Weapons
 + Level 5.2 Throwing
 + Level 6.3 Armour
 + Level 3.2 Dodging
 + Level 1.5 Stealth
 + Level 2.0 Shields
 + Level 6.3 Evocations


You had 12 spell levels left.
You didn't know any spells.
Your spell library was empty.

Dungeon Overview and Level Annotations

Branches:
Dungeon (10/15)            Temple (0/1) D:5            Lair (5/6) D:10
 Shoals (0/4) Lair:3        Snake (0/4) Lair:3          Orc (2/2) D:9
  Sewer (visited)           IceCv (1/1)             Volcano (visited)
  Slime: Lair:5-6       Elf: Orc:2

Altars:
Dithmenos
Elyvilon
Fedhas
Gozag
Nemelex Xobeh
Vehumet
Zin
The Shining One

Shops:
D:4 =   D:8 [   D:10 *

Annotations:
D:4 1 runed translucent door, Crazy Yiuf
D:9 3 transporters
Orc:2 Nessos


Innate Abilities, Weirdness & Mutations

You have a pair of horns on your head.
You reflexively headbutt those who attack you in melee.


Message History

You hit the ice devil. The ice devil hits you! The ice devil freezes you!
* * * LOW HITPOINT WARNING * * *
You barely miss the ice devil. You headbutt the ice devil.
The ice devil hits you.
* * * LOW HITPOINT WARNING * * *
The ice devil freezes you!
* * * LOW HITPOINT WARNING * * *
You slice the ice devil!!
The ice devil hits you but does no damage.
You slash the ice devil!
You kill the ice devil!
Trog accepts your kill.
Your Shields skill increases to level 2!
As you close the door, it creaks loudly!
You start resting.
You start resting.
You feel a little less mighty now.
You start resting.
You open the door.
There is an open door here.
You open the door.
An entropy weaver simulacrum comes into view.
You slash the entropy weaver simulacrum!
You headbutt the entropy weaver simulacrum!!
You barely miss the entropy weaver simulacrum.
Your headbutt misses the entropy weaver simulacrum.
The entropy weaver simulacrum hits you but does no damage.
The entropy weaver simulacrum hits you!
The entropy weaver simulacrum freezes you!!
The entropy weaver simulacrum hits you!
The entropy weaver simulacrum freezes you!!
* * * LOW MAGIC WARNING * * *
* * * LOW HITPOINT WARNING * * *
The entropy weaver simulacrum hits you but does no damage.
You hit the entropy weaver simulacrum.
Your headbutt misses the entropy weaver simulacrum.
The entropy weaver simulacrum hits you.
* * * LOW MAGIC WARNING * * *
* * * LOW HITPOINT WARNING * * *
The entropy weaver simulacrum freezes you!!
* * * LOW MAGIC WARNING * * *
* * * LOW HITPOINT WARNING * * *
The entropy weaver simulacrum hits you but does no damage.
The entropy weaver simulacrum completely misses you.
The entropy weaver simulacrum hits you.
* * * LOW MAGIC WARNING * * *
* * * LOW HITPOINT WARNING * * *
The entropy weaver simulacrum freezes you!!
* * * LOW MAGIC WARNING * * *
You die...

#.#####'#####.### #.........
##.#.#.#.#.#.#...####........
#####8.#'#'#.#'#'###.#⌠.#........
.......#.........'.#.'[.#........
.#####.#.8.8.8.8.########........
#.#..............#..........
#.'..............'.....⌠....
#.#..............#..........
#.#.8.8.8.8@########........
..#.........Z.# [4#........
#8.#+#+#.#+#+### #⌠.#........
##.# #.# ####........ #.# #'#
#......... #.+ ###.....## #######


You could see an entropy weaver simulacrum.

Vanquished Creatures
  Josephine (D:10)
  Fannar (Lair:1)
  A boulder beetle (Lair:2)
  An ogre mage (Volcano)
  3 hydras
  5 two-headed ogres
  Urug (D:10)
  A hell knight (Volcano)
  An orc knight (Orc:1)
  Pikel (D:5)
  A cyclops (D:6)
  A manticore (Lair:3)
  2 orc sorcerers (Orc:1)
  5 elephants (Lair:3)
  2 ice statues (IceCv)
  2 molten gargoyles (Volcano)
  Joseph (Lair:1)
  4 komodo dragons
  10 cane toads
  2 rime drakes
  An anaconda simulacrum (IceCv)
  2 entropy weaver simulacra (IceCv)
  5 ice devils (IceCv)
  3 trolls
  A wind drake (Lair:3)
  Prince Ribbit (D:7)
  Sigmund (D:5)
  17 yaks
  2 shadows (D:10)
  5 wraiths (D:10)
  5 fire bats
  5 wyverns
  Eustachio (D:5)
  Grum (Lair:1)
  2 dire elephant simulacra (IceCv)
  3 basilisks
  4 steam dragons
  A death yak simulacrum (IceCv)
  Edmund (D:5)
  2 nagas (Lair:3)
  A warg (Orc:1)
  5 water moccasins
  2 ice beasts
  A sky beast (D:8)
  2 black bears
  11 orc warriors
  4 centaurs
  15 wolves
  3 ogres
  2 lemures (D:5)
  9 kobold brigands
  A necrophage (D:4)
  11 bullfrogs
  A gnoll sergeant (D:5)
  2 scorpions
  A two-headed ogre simulacrum (IceCv)
  7 wights
  7 killer bees
  3 jellies
  4 vampire bats (Lair:2)
  An electric eel (Lair:4)
  6 lava snakes (Volcano)
  6 hounds
  4 orc priests
  3 gnoll boudas
  5 iguanas
  8 orc wizards
  Natasha (thrice) (D:2)
  A troll simulacrum (IceCv)
  A wolf simulacrum (IceCv)
  19 gnolls
  8 adders
  5 river rats
  2 white imps (D:6)
  An ufetubus (IceCv)
  A worm (Sewer)
  4 dart slugs
  49 orcs
  12 bats
  11 endoplasms
  7 giant cockroaches
  10 goblins
  2 hobgoblins
  3 quokkas
  10 ball pythons
  2 frilled lizards (D:2)
  26 kobolds
  9 rats
420 creatures vanquished.

Vanquished Creatures (others)
  8 fungi
  12 plants
20 creatures vanquished.

Grand Total: 440 creatures vanquished

Notes
Turn   | Place    | Note
-------+----------+-------------------------------------------
     0 | D:1      | Pooter the Minotaur Berserker began the quest for the Orb.
     0 | D:1      | Reached XP level 1. HP: 19/19 MP: 0/0
   125 | D:1      | Reached skill level 4 in Axes
   130 | D:1      | Reached XP level 2. HP: 26/27 MP: 1/1
   588 | D:1      | Reached XP level 3. HP: 34/34 MP: 2/2
   678 | D:1      | Reached ** piety under Trog
   827 | D:2      | Noticed Natasha
   832 | D:2      | Killed Natasha
   852 | D:2      | Noticed Natasha
   855 | D:2      | Killed Natasha
   856 | D:2      | Reached skill level 5 in Fighting
   856 | D:2      | Reached skill level 5 in Axes
   856 | D:2      | Reached XP level 4. HP: 37/42 MP: 3/3
   907 | D:2      | Noticed Natasha
   936 | D:2      | Killed Natasha
  1142 | D:2      | Found a faded altar of an unknown god.
  1308 | D:2      | Reached XP level 5. HP: 42/48 MP: 4/4
  1607 | D:3      | Identified the +1 leather armour of Manahuss {*Corrode +Inv
                  | Dex+6}
  1712 | D:3      | Found a shadowy altar of Dithmenos.
  2150 | D:4      | Reached skill level 1 in Maces & Flails
  2269 | D:4      | Reached skill level 6 in Axes
  2352 | D:4      | Found a glowing drain.
  2368 | Sewer    | Entered a sewer
  2427 | Sewer    | Reached XP level 6. HP: 42/57 MP: 5/5
  2544 | Sewer    | Reached *** piety under Trog
  2853 | Sewer    | Reached XP level 7. HP: 64/64 MP: 6/6
  3080 | Sewer    | Reached skill level 7 in Axes
  3442 | D:4      | Found a glowing golden altar of the Shining One.
  3444 | D:4      | Found a glowing silver altar of Zin.
  3445 | D:4      | Found a white marble altar of Elyvilon.
  3527 | D:4      | Found a runed translucent door.
  3528 | D:4      | Noticed Crazy Yiuf
  3605 | D:4      | Found Fiep's Jewellery Emporium.
  3786 | D:4      | Reached skill level 5 in Maces & Flails
  3786 | D:4      | Reached XP level 8. HP: 74/74 MP: 7/7
  4109 | D:5      | Entered Level 5 of the Dungeon
  4152 | D:5      | Noticed Pikel
  4162 | D:5      | Killed Pikel
  4163 | D:5      | Reached skill level 9 in Axes
  4296 | D:5      | Noticed Eustachio
  4316 | D:5      | Killed Eustachio
  4317 | D:5      | Reached skill level 10 in Axes
  4317 | D:5      | Reached skill level 1 in Ranged Weapons
  4375 | D:5      | Found a staircase to the Ecumenical Temple.
  4381 | D:5      | Noticed Sigmund
  4395 | D:5      | Killed Sigmund
  4396 | D:5      | Reached XP level 9. HP: 83/83 MP: 8/8
  4780 | D:5      | Noticed Edmund
  4785 | D:5      | Killed Edmund
  4892 | D:6      | Found a blossoming altar of Fedhas.
  4894 | D:6      | Found a radiant altar of Vehumet.
  4896 | D:6      | Found an opulent altar of Gozag.
  5180 | D:4      | Bought the ring "Salocvy" {*Slow rCorr Slay+2 SInv} for 334
                  | gold pieces
  5296 | D:6      | Reached skill level 11 in Axes
  5349 | D:6      | Noticed a cyclops
  5360 | D:6      | Killed a cyclops
  5361 | D:6      | Reached skill level 5 in Ranged Weapons
  5532 | D:6      | Found a sparkling altar of Nemelex Xobeh.
  5535 | D:6      | Reached skill level 10 in Fighting
  5824 | D:7      | Identified the +1 buckler of Vanity {*Corrode rC++}
  5927 | D:7      | Reached skill level 12 in Axes
  5927 | D:7      | Reached XP level 10. HP: 68/93 MP: 9/9
  5928 | D:7      | Reached **** piety under Trog
  5932 | D:7      | Noticed Prince Ribbit
  5935 | D:7      | Killed Prince Ribbit
  6499 | D:8      | Found Yvveg's Antique Armour Shop.
  6941 | D:8      | Reached skill level 1 in Evocations
  8365 | D:9      | Found a transporter.
  8367 | D:9      | Found a transporter.
  8486 | D:9      | Found a transporter.
  8491 | D:9      | Found a transporter.
  8495 | D:9      | Found a transporter.
  8512 | D:9      | Reached skill level 13 in Axes
  8571 | D:9      | Found a staircase to the Orcish Mines.
  8599 | Orc:1    | Entered Level 1 of the Orcish Mines
  8614 | Orc:1    | Noticed an orc knight
  8625 | Orc:1    | Killed an orc knight
  8674 | Orc:1    | Noticed an orc sorcerer
  8699 | Orc:1    | Reached XP level 11. HP: 102/102 MP: 10/10
  8705 | Orc:1    | Killed an orc sorcerer
  8849 | Orc:1    | Noticed an orc sorcerer
  8855 | Orc:1    | Killed an orc sorcerer
  8967 | Orc:2    | Entered Level 2 of the Orcish Mines
  9092 | Orc:2    | Noticed Nessos
  9105 | Orc:1    | HP: 5/102 [poisoned by Nessos]
  9390 | Orc:1    | Upgraded the game from 0.29-a0-838-g385bb11a5b to
                  | 0.29-a0-841-g116ddc6ace
  9863 | D:9      | Found a transporter.
 10141 | D:10     | Entered Level 10 of the Dungeon
 10143 | D:10     | Identified a scroll of acquirement
 10143 | D:10     | Acquired the +2 pair of boots of Immutok {rElec Str+2}
 10419 | D:10     | Found Horretes's General Store.
 10426 | D:10     | Bought 4 atropa-tipped darts for 38 gold pieces
 10893 | D:10     | Noticed a two-headed ogre
 10903 | D:10     | Killed a two-headed ogre
 10904 | D:10     | Reached skill level 14 in Axes
 10981 | D:10     | Noticed Urug
 10991 | D:10     | Killed Urug
 11137 | D:10     | Found a staircase to the Lair.
 11151 | D:10     | Noticed Josephine
 11159 | D:10     | Killed Josephine
 11160 | D:10     | Reached skill level 1 in Throwing
 11222 | D:10     | Reached skill level 10 in Ranged Weapons
 11944 | Lair:1   | Entered Level 1 of the Lair of Beasts
 11944 | Lair:1   | Noticed Grum
 11952 | Lair:1   | Killed Grum
 12213 | Lair:1   | Noticed a four-headed hydra
 12220 | Lair:1   | Killed a four-headed hydra
 12252 | Lair:1   | Reached XP level 12. HP: 112/112 MP: 11/11
 12617 | Lair:1   | Reached skill level 15 in Axes
 12710 | Lair:1   | Noticed Joseph
 12714 | Lair:1   | Killed Joseph
 12789 | Lair:1   | Noticed Fannar
 12798 | Lair:1   | Killed Fannar
 13039 | D:4      | Bought a ring of poison resistance for 220 gold pieces
 13041 | D:4      | Bought an amulet of guardian spirit for 330 gold pieces
 13510 | Lair:2   | Noticed a boulder beetle
 13523 | Lair:2   | Killed a boulder beetle
 13524 | Lair:2   | Reached skill level 5 in Evocations
 13832 | Lair:2   | Reached ***** piety under Trog
 14033 | Lair:2   | Identified the +10 long sword "Maxot" {freeze, rPois rC+
                  | Will-}
 14230 | Lair:3   | Found a staircase to the Snake Pit.
 14402 | Lair:3   | Reached skill level 5 in Armour
 14637 | Lair:3   | Found a staircase to the Shoals.
 15488 | Lair:4   | Noticed an eight-headed hydra
 15495 | Lair:4   | Killed an eight-headed hydra
 16026 | Lair:4   | Found a dark tunnel.
 16032 | Lair:4   | Reached XP level 13. HP: 108/119 MP: 10/12
 16034 | Lair:4   | Reached skill level 16 in Axes
 16039 | Volcano  | Entered a volcano
 16158 | Volcano  | Found a radiant altar of Vehumet.
 17977 | Lair:5   | Reached skill level 5 in Throwing
 17981 | Lair:5   | Reached skill level 1 in Shields
 18158 | Lair:5   | Found a frozen archway.
 18169 | Lair:5   | Reached skill level 1 in Stealth
 18238 | IceCv    | Entered an ice cave
 20226 | IceCv    | Demolished by an entropy weaver simulacrum

Illustrated notes

Levels and vault maps discovered:
D:1:      dpeg_arrival_subterranean_lakeside_camping, layout_basic
D:2:      layout_rooms, chequers_ecumenical_altar_simple_redux, uniq_natasha
D:3:      layout_basic, mainiacjoe_overflow_24_doors, dk_noncrumbling_2
D:4:      layout_loops_ring, good_gods_temple_1, portal_sewer_entry_a,
          kennysheep_diamond, kennysheep_boxes, uniq_crazy_yiuf_cottage
D:5:      layout_rooms, temple_green, uniq_sigmund, uniq_eustachio, uniq_edmund,
          uniq_pikel
D:6:      layout_basic, mainiacjoe_overflow_alcove_4, grunt_temple_overflow_open
D:7:      layout_basic, kennysheep_generic_room_10, uniq_prince_ribbit1
D:8:      layout_layer_cave, serial_shops, shop
D:9:      layout_roguey, david_orc_2, serial_nicolae_subway,
          nicolae_sub_station_metal, nicolae_sub_station_crystal,
          nicolae_sub_station_stone
D:10:     layout_layer_cave, dpeg_oklobed_lair, serial_shops, shop,
          dk_rats_in_the_wall, uniq_josephine, uniq_urug
Lair:1:   layout_gridlike, minmay_stone_trees_medium, uniq_joseph, uniq_fannar,
          uniq_grum
Lair:2:   layout_long_grid, roderic_batcave, grunt_megastairs_2
Lair:3:   layout_chaotic_city, minmay_shoals_entry_beasts,
          guppyfry_snake_entry_garden
Lair:4:   layout_roguey, nicolae_volcano_entry_batcave,
          dreamdust_deal_with_the_devil, serial_bayou_shore_a,
          serial_bayou_shore_b
Lair:5:   layout_cave_pods, portal_ice_cave_entry_pillars_1
Orc:1:    layout_caves, nicolae_orc_pool_cavern
Orc:2:    grunt_orc_community_town_hall, layout_caves,
          grunt_orc_community_big_house_1, grunt_orc_community_big_house_1,
          grunt_orc_community_house_2, grunt_orc_community_house_3,
          grunt_orc_community_house_2, grunt_orc_community_house_3,
          grunt_orc_community_house_2, uniq_nessos
IceCv:    ice_cave_tombish

Skill      XL: |  1  2  3  4  5  6  7  8  9 10 11 12 13 |
---------------+----------------------------------------+-----
Fighting       | 4 5 6 7 9 10 11 12 13 | 13.0
Axes           | 4 5 6 7 10 12 13 14 15 16 | 16.2
Maces & Flails | 2 3 5 |  5.1
Ranged Weapons | 2 6 8 10 11 12 | 12.6
Evocations     | 2 4 5 6 |  6.3
Throwing       | 2 4 5 |  5.2
Armour         | 3 5 6 |  6.3
Shields        | 2 |  2.0
Stealth        | 1 |  1.5
Dodging        | 3 |  3.2

Action                   |  1- 3 |  4- 6 |  7- 9 | 10-12 | 13-15 || total
-------------------------+-------+-------+-------+-------+-------++-------
Melee: Hand axe          |    65 |    35 |       |       |       ||   100
       Headbutt          |     5 |     8 |    30 |    60 |    21 ||   124
       Morningstar       |       |    57 |    54 |       |       ||   111
       War axe           |       |       |   120 |   330 |   104 ||   554
       Punch             |       |       |     3 |     2 |     1 ||     6
       Flail             |       |       |       |     7 |     2 ||     9
 Fire: Shortbow          |       |       |    29 |    36 |       ||    65
       Arbalest          |       |       |       |    66 |     3 ||    69
       Sling             |       |       |       |     2 |       ||     2
       Hand crossbow     |       |       |       |       |    30 ||    30
Throw: Dart              |     1 |    10 |       |    15 |       ||    26
       Boomerang         |       |     4 |     3 |       |       ||     7
       Javelin           |       |       |       |     3 |       ||     3
Invok: Berserk           |     1 |     6 |    10 |    10 |     6 ||    33
       Trog's Hand       |       |     1 |     3 |    16 |    10 ||    30
Evoke: Wand              |       |       |       |     1 |       ||     1
  Use: Scroll            |       |    10 |     5 |    16 |     2 ||    33
       Potion            |       |       |       |     1 |     3 ||     4
 Stab: Sleeping          |     1 |       |       |       |       ||     1
Armor: Animal skin       |    32 |     7 |       |       |       ||    39
       Plate armour      |       |    40 |   132 |   240 |     7 ||   419
       Chain mail        |       |       |       |       |    44 ||    44
Dodge: Dodged            |    39 |    45 |    54 |   134 |    28 ||   300
Block: Kite shield       |       |       |       |     8 |     6 ||    14

Table legend: (Time is in decaauts)
 A = Elapsed time spent in this place.
 B = Non-inter-level travel time spent in this place.
 C = Inter-level travel time spent in this place.
 D = Time resting spent in this place.
 E = Time spent auto-exploring this place.
 F = Levels seen in this place.
 G = Mean time per level.
                   A        B        C        D        E       F      G
               +--------+--------+--------+--------+--------+-----+--------+
         Total |  20736 |  19873 |    863 |   6394 |   9869 |  20 | 1036.8 |
       Dungeon |  10298 |   9548 |    750 |   1338 |   6617 |  10 | 1029.8 |
          Lair |   4912 |   4815 |     97 |   1445 |   2425 |   5 |  982.4 |
  Orcish Mines |   1173 |   1157 |     16 |    837 |     46 |   2 |  586.5 |
         Sewer |   1177 |   1177 |      0 |    278 |    650 |   1 | 1177.0 |
      Ice Cave |   2015 |   2015 |      0 |   1785 |      0 |   1 | 2015.0 |
       Volcano |   1159 |   1159 |      0 |    709 |    131 |   1 | 1159.0 |
               +--------+--------+--------+--------+--------+-----+--------+

Top non-repeatable levels by time:
   IceCv: 2015 daAuts
     D:8: 1702 daAuts
    D:10: 1668 daAuts
  Lair:4: 1307 daAuts
  Lair:3: 1233 daAuts
  Lair:1: 1214 daAuts
   Sewer: 1177 daAuts
 Volcano: 1159 daAuts
     D:4: 1153 daAuts
     D:9: 1073 daAuts
     D:5: 1058 daAuts
   Orc:1: 1040 daAuts
  Lair:2: 848 daAuts
     D:1: 817 daAuts
     D:2: 800 daAuts
